 Dungeon Crawl Stone Soup version 0.31.0-11-ge490571c62 (webtiles) character file.

Game seed: 14744043167963599693

7140 qw the Markself (level 10, -1/58 HPs)
             Began as a Deep Elf Hunter on Feb 4, 2024.
             Was an Elder of Okawaru.
             Shot with an arrow by a centaur (10 damage)
             ... on level 10 of the Dungeon.
             The game lasted 00:00:42 (7827 turns).

qw the Markself (Deep Elf Hunter)                   Turns: 7827, Time: 00:00:42

Health: -1/58      AC:  6    Str: 12    XL:     10   Next: 85%
Magic:  15/15      EV: 14    Int: 15    God:    Okawaru [****..]
Gold:   424        SH:  0    Dex: 18    Spells: 9/9 levels left

rFire   . . .        a - +3 longbow (freeze)
rCold   + . .        (shield currently unavailable)
rNeg    . . .        s - +0 ring mail {rPois}
rPois   +            k - +0 helmet
rElec   .            (no cloak)
rCorr   .            (no gloves)
SInv    .            (no boots)
Will    ++...        b - amulet of faith
Stlth   +            j - ring of protection from cold
HPRegen 0.29/turn    h - ring of willpower
MPRegen 0.14/turn

%: faith
@: about to teleport
A: no striking features
a: Renounce Religion, Heroism, Finesse


You were on level 10 of the Dungeon.
You worshipped Okawaru.
Okawaru was greatly pleased with you.
You visited 2 branches of the dungeon, and saw 11 of its levels.

You collected 532 gold pieces.
You spent 108 gold pieces at shops.


   Skills:
 + Level 4.9 Fighting
 - Level 18.0 Ranged Weapons
 - Level 2.0 Armour
 - Level 7.3 Dodging
 - Level 1.2 Stealth
 + Level 4.6 Invocations


You had 9 spell levels left.
You didn't know any spells.
Your spell library was empty.

Inventory:

Hand Weapons
 a - a +3 longbow of freezing (weapon)
Armour
 d - a +1 ring mail
 k - a +0 helmet (worn)
 o - the -1 pair of boots "Yckoass" {Harm rElec rPois rC+}
   (You acquired it on level 7 of the Dungeon)

   rC+:       It protects you from cold.
   rElec:     It insulates you from electricity.
   rPois:     It protects you from poison Harm: It increases damage dealt and
   taken.
 s - a +0 ring mail of poison resistance (worn)
Jewellery
 b - an amulet of faith (around neck)
 h - a ring of willpower (right hand)
 j - a ring of protection from cold (left hand)
Wands
 i - a wand of quicksilver (1)
 p - a wand of iceblast (6)
Scrolls
 n - 4 scrolls of teleportation
Potions
 c - 8 potions of curing
 e - 4 potions of enlightenment
 f - a potion of heal wounds {unknown}
 g - a potion of might
 l - a potion of mutation
 m - a potion of resistance
 q - a potion of cancellation {unknown}
 r - 2 potions of invisibility {unknown}

Dungeon Overview and Level Annotations

Branches:
Dungeon (10/15)            Temple (1/1) D:4             Orc (0/2) D:9
   Lair: D:8-11

Altars:
Ashenzari
Cheibriados
Dithmenos
Elyvilon
Fedhas
Gozag
Hepliaklqana
Kikubaaqudgha
Makhleb
Nemelex Xobeh
Okawaru
Qazlal
Ru
Sif Muna
Trog
Uskayaw
Vehumet
Wu Jian
Xom
Yredelemnul
Zin
The Shining One

Shops:
D:3 !

Annotations:
D:5 1 transporter, qw's ghost, novice DjHu
D:10 exclusion: 5 centaurs


Message History

You hear a shout!
You shoot an arrow. The arrow hits the centaur!
The arrow freezes the centaur.
The centaur is almost dead.
The centaur shoots an arrow.
The arrow hits you!
The centaur shoots an arrow.
The arrow barely misses you.
The centaur shoots an arrow.
The arrow hits you!
The centaur wields a +0 shortbow.
The centaur shoots an arrow.
The arrow completely misses you.
Enter note:
Enter note:
Enter note:
Enter note:
Enter note:
Enter note:
Enter note:
Enter note:
Enter note:
Enter note:
Enter note:
Enter note:
Enter note:
Enter note:
Enter note:
Enter note: A centaur comes into view.
The centaur shouts!
The centaur shoots an arrow.
The arrow hits you!
The centaur shoots an arrow.
The arrow barely misses you.
The centaur shoots an arrow.
The arrow hits you.
The centaur shoots an arrow.
The arrow completely misses you.
The centaur shoots an arrow.
The arrow hits you.
The centaur wields a +0 shortbow.
The centaur shoots an arrow.
The arrow closely misses you.
The centaur shoots an arrow.
The arrow closely misses you.
The centaur shoots an arrow.
The arrow completely misses you.
7827 ||| READING 5 scrolls of teleportation.
As you read the scroll of teleportation, it crumbles to dust.
You feel strangely unstable.
The centaur shoots an arrow.
The arrow barely misses you.
The centaur shoots an arrow.
The arrow hits you.
The centaur shoots an arrow.
The arrow hits you!
You die...

########..(... .......#
#+### #......# #......#
#......# #......#
.###......# ~......%..#
~~~~...@..#
~~~~~.....##############
#.~~~~....%.............
##.~~~~?........<.######
#cc~~~...........# #
#.cc~~~...........# #
....~~~~..........# #
...~~~~~..........######
..~~~~~..............%.


You could see 4 centaurs.

Vanquished Creatures
  A two-headed ogre (D:9)
  Jeremiah (D:7)
  2 trolls (D:9)
  2 hornets
  Prince Ribbit (D:7)
  A wraith (D:10)
  10 yaks
  4 steam dragons
  A water moccasin (D:8)
  2 black bears (D:7)
  An orc warrior (D:7)
  2 sky beasts
  An ice beast (D:5)
  An ogre (D:5)
  A centaur (D:10)
  A phantom (D:6)
  2 bullfrogs
  A gnoll sergeant (D:8)
  3 scorpions
  12 killer bees
  A howler monkey (D:10)
  2 bombardier beetles
  3 hounds
  2 jellies (D:6)
  5 orc priests
  3 gnoll boudas
  2 sleepcaps
  Jessica (D:2)
  Natasha (thrice) (D:3)
  2 iguanas (D:5)
  7 orc wizards
  Robin (D:4)
  18 gnolls
  10 adders
  A white imp (D:7)
  5 ribbon worms
  3 dart slugs
  42 orcs
  10 endoplasms
  4 giant cockroaches
  22 goblins
  18 hobgoblins
  4 jackals (D:1)
  11 kobolds
  7 quokkas
  3 ball pythons
  4 bats
  A frilled lizard (D:3)
  4 rats
249 creatures vanquished.

Notes
Turn   | Place    | Note
-------+----------+-------------------------------------------
     0 | D:1      | qw the Deep Elf Hunter began the quest for the Orb.
     0 | D:1      | Reached XP level 1. HP: 12/12 MP: 3/3
     0 | D:1      | 0 ||| qw: Version: 0.3-a-160-g6735b56
     0 | D:1      | 0 ||| qw: Game counter: 5617
     0 | D:1      | 0 ||| qw: Melee chars always use a shield: true
     0 | D:1      | 0 ||| qw: God list: Okawaru
     0 | D:1      | 0 ||| qw: Allow faded altars: false
     0 | D:1      | 0 ||| qw: Do Orc after clearing Dungeon:15 true
     0 | D:1      | 0 ||| qw: Do second Lair branch before Depths: true
     0 | D:1      | 0 ||| qw: Lair rune preference: random
     0 | D:1      | 0 ||| qw: Goals: Normal
     0 | D:1      | 0 ||| PLANNING D:1-11
   238 | D:1      | Reached skill level 6 in Ranged Weapons
   238 | D:1      | Reached XP level 2. HP: 16/16 MP: 4/4
   470 | D:1      | 470 ||| DROPPING scarf of shadows.
   471 | D:1      | 471 ||| UPGRADING to ring of protection from cold.
   472 | D:1      | 472 ||| READING scroll labelled LATTAY MIHUEQ.
   500 | D:1      | 500 ||| READING scroll labelled FYLUEH MEILICE.
   501 | D:1      | 501 ||| DRINKING 2 brown potions.
   502 | D:1      | 502 ||| DRINKING 2 golden potions.
   503 | D:1      | 503 ||| DROPPING scroll of butterflies.
   505 | D:1      | 505 ||| Stepping ~*~*~tactically~*~*~ (cloud).
   506 | D:1      | 506 ||| DRINKING potion of curing.
   506 | D:1      | 506 ||| (to cure poison)
   544 | D:2      | Reached XP level 3. HP: 20/20 MP: 5/5
   725 | D:2      | Found an opulent altar of Gozag.
   793 | D:2      | Reached skill level 7 in Ranged Weapons
  1059 | D:2      | Found a faded altar of an unknown god.
  1196 | D:2      | Noticed Jessica
  1199 | D:2      | Killed Jessica
  1200 | D:2      | Reached XP level 4. HP: 25/25 MP: 6/6
  1273 | D:2      | 1273 ||| UPGRADING to +0 ring mail.
  1283 | D:2      | 1283 ||| DROPPING +0 leather armour.
  1284 | D:2      | 1284 ||| READING scroll labelled YTTYIC VENGIO.
  1385 | D:2      | 1385 ||| READING scroll labelled NAAFEM HUOPI.
  1385 | D:2      | 1385 ||| ENCHANTING +0 ring mail.
  1386 | D:2      | 1386 ||| READING scroll labelled MOCKUO WOADOWO.
  1386 | D:2      | 1386 ||| IDENTIFYING yellow potion
  1387 | D:2      | 1387 ||| READING scroll labelled PYNNANGATAL.
  1414 | D:3      | 1414 ||| PLANNING SEWER
  1488 | D:3      | Reached skill level 8 in Ranged Weapons
  1545 | D:3      | Noticed a +0 dagger
  1546 | D:3      | Noticed a +0 dagger
  1546 | D:3      | Noticed a +0 falchion
  1547 | D:3      | Noticed a +0 short sword
  1547 | D:3      | Noticed a +0 spear
  1549 | D:3      | Noticed a +0 spear
  1550 | D:3      | Noticed a +0 falchion
  1550 | D:3      | Noticed a +0 short sword
  1563 | D:3      | Found a hide-covered altar of Uskayaw.
  1585 | D:3      | Found Leqyrupn's Distillery.
  1593 | D:3      | 1593 ||| BUYING 2 potions of curing (72 gold).
  1593 | D:3      | Bought 2 potions of curing for 72 gold pieces
  1593 | D:3      | 1593 ||| SHOPLISTING 2 potions of curing (72 gold, have
                  | 50).
  1593 | D:3      | 1593 ||| BUYING potion of curing (36 gold).
  1593 | D:3      | Bought a potion of curing for 36 gold pieces
  1593 | D:3      | 1593 ||| SHOPLISTING potion of enlightenment (60 gold, have
                  | 14).
  1593 | D:3      | 1593 ||| SHOPLISTING potion of might (48 gold, have 14).
  1906 | D:3      | Found a hazy altar of Hepliaklqana.
  1993 | D:3      | Reached XP level 5. HP: 29/29 MP: 7/7
  2020 | D:3      | Identified the +7 shortbow of Jet Becs {antimagic, Will+
                  | Str+3 Int-4 Dex+3}
  2022 | D:3      | 2022 ||| SWAPPING to +7 shortbow of Jet Becs {antimagic,
                  | Will+ Str+3 Int-4 Dex+3}.
  2023 | D:3      | 2023 ||| DROPPING +0 shortbow.
  2042 | D:3      | Noticed Natasha
  2045 | D:3      | Killed Natasha
  2058 | D:3      | Reached skill level 9 in Ranged Weapons
  2112 | D:3      | Noticed Natasha
  2115 | D:3      | Killed Natasha
  2116 | D:3      | Reached skill level 3 in Dodging
  2136 | D:3      | Noticed Natasha
  2141 | D:3      | Killed Natasha
  2165 | D:3      | 2165 ||| RIP SEWER
  2179 | D:3      | 2179 ||| PLANNING D:1-11
  2211 | D:3      | 2211 ||| READING 4 scrolls of identify.
  2211 | D:3      | 2211 ||| IDENTIFYING cyan potion
  2212 | D:3      | 2212 ||| READING 3 scrolls of identify.
  2212 | D:3      | 2212 ||| IDENTIFYING white potion
  2213 | D:3      | 2213 ||| READING 2 scrolls of identify.
  2213 | D:3      | 2213 ||| IDENTIFYING metallic puce potion
  2214 | D:3      | 2214 ||| READING scroll of identify.
  2214 | D:3      | 2214 ||| IDENTIFYING 3 fuming orange potions
  2215 | D:3      | 2215 ||| READING scroll labelled JUGE RYTHAGOU.
  2316 | D:3      | 2316 ||| DROPPING potion of degeneration.
  2317 | D:3      | 2317 ||| DROPPING 3 potions of attraction.
  2436 | D:4      | Reached XP level 6. HP: 35/35 MP: 2/8
  2436 | D:4      | Noticed Robin
  2450 | D:4      | Killed Robin
  2451 | D:4      | 2451 ||| FLEEEEING.
  2452 | D:4      | 2452 ||| FLEEEEING.
  2453 | D:4      | 2453 ||| FLEEEEING.
  2454 | D:4      | 2454 ||| FLEEEEING.
  2455 | D:4      | 2455 ||| FLEEEEING.
  2651 | D:4      | Found a staircase to the Ecumenical Temple.
  2652 | D:4      | 2652 ||| PLANNING TEMPLE
  2652 | D:4      | 2652 ||| UPGRADING to +0 helmet.
  2657 | D:4      | 2657 ||| READING scroll of identify.
  2657 | D:4      | 2657 ||| IDENTIFYING coppery potion
  2658 | D:4      | 2658 ||| READING scroll labelled CAYVIARPH WECH.
  2658 | D:4      | Identified a scroll of acquirement
  2658 | D:4      | 2658 ||| ACQUIRING +2 longbow of freezing
  2658 | D:4      | Acquired a +2 longbow of freezing
  2660 | D:4      | 2660 ||| SWAPPING to +2 longbow of freezing.
  2661 | D:4      | 2661 ||| DROPPING +7 shortbow of Jet Becs {antimagic, Will+
                  | Str+3 Int-4 Dex+3}.
  2662 | D:4      | 2662 ||| READING scroll labelled XUUHIP JAFYICH.
  2699 | Temple   | Entered the Ecumenical Temple
  2714 | Temple   | 2714 ||| PLANNING D:1-11
  3193 | D:4      | 3193 ||| READING scroll labelled ZUMAMMA KIOCH.
  3245 | D:5      | Entered Level 5 of the Dungeon
  3247 | D:5      | Reached skill level 10 in Ranged Weapons
  3251 | D:5      | Reached skill level 1 in Armour
  3428 | D:5      | Reached XP level 7. HP: 40/40 MP: 9/9
  3537 | D:5      | Found a transporter.
  3598 | D:5      | Reached skill level 11 in Ranged Weapons
  3694 | D:5      | Noticed qw's ghost (novice DjHu)
  4017 | D:5      | 4017 ||| READING scroll of identify.
  4017 | D:5      | 4017 ||| IDENTIFYING scroll labelled QUXZETEKHIH
  4018 | D:5      | 4018 ||| DROPPING scroll of revelation.
  4085 | D:6      | 4085 ||| STAIRDANCE
  4241 | D:6      | 4241 ||| STAIRDANCE
  4248 | D:6      | 4248 ||| STAIRDANCE
  4254 | D:5      | Reached skill level 12 in Ranged Weapons
  4297 | D:6      | 4297 ||| STAIRDANCE
  4356 | D:6      | Reached skill level 3 in Fighting
  4356 | D:6      | Reached XP level 8. HP: 46/46 MP: 10/10
  4553 | D:6      | Found a broken altar of Ashenzari.
  4554 | D:6      | Found a stormy altar of Qazlal.
  4554 | D:6      | Found a sparkling altar of Nemelex Xobeh.
  4752 | D:6      | 4752 ||| UPGRADING to amulet of faith.
  4757 | D:6      | 4757 ||| UPGRADING to ring of willpower.
  4758 | D:6      | 4758 ||| READING scroll of identify.
  4758 | D:6      | 4758 ||| IDENTIFYING bubbling coppery potion
  4759 | D:6      | 4759 ||| READING scroll labelled KAUZ WUASIVU.
  4760 | D:6      | 4760 ||| DROPPING potion of lignification.
  4933 | D:7      | Noticed Prince Ribbit
  4934 | D:7      | 4934 ||| DRINKING potion of haste.
  4943 | D:7      | Killed Prince Ribbit
  4944 | D:7      | Reached skill level 13 in Ranged Weapons
  4976 | D:7      | 4976 ||| Stepping ~*~*~tactically~*~*~ (cloud).
  4981 | D:7      | Reached skill level 14 in Ranged Weapons
  4998 | D:7      | Noticed Jeremiah
  4999 | D:7      | 4999 ||| ZAPPING wand of quicksilver (5) at 1,3 (Jeremiah;
                  | floor).
  5002 | D:7      | 5002 ||| ZAPPING wand of quicksilver (4) at 6,4 (Jeremiah;
                  | floor).
  5004 | D:7      | 5004 ||| ZAPPING wand of quicksilver (3) at 6,3 (Jeremiah;
                  | floor).
  5005 | D:7      | 5005 ||| ZAPPING wand of quicksilver (2) at 6,2 (Jeremiah;
                  | floor).
  5006 | D:7      | Killed Jeremiah
  5007 | D:7      | Reached skill level 6 in Dodging
  5007 | D:7      | Reached XP level 9. HP: 50/50 MP: 11/11
  5140 | D:7      | 5140 ||| READING scroll of acquirement.
  5140 | D:7      | 5140 ||| ACQUIRING -1 pair of boots "Yckoass" {Harm rElec
                  | rPois rC+}
  5140 | D:7      | Acquired the -1 pair of boots "Yckoass" {Harm rElec rPois
                  | rC+}
  5253 | D:7      | Reached skill level 15 in Ranged Weapons
  5546 | D:7      | 5546 ||| UPGRADING to +0 ring mail of poison resistance.
  5556 | D:7      | 5556 ||| READING scroll of identify.
  5556 | D:7      | 5556 ||| IDENTIFYING fizzy yellow potion
  5557 | D:7      | 5557 ||| READING scroll labelled FAYWYROINO.
  5558 | D:7      | 5558 ||| READING scroll labelled ZUESIOS GUUNT.
  5559 | D:7      | 5559 ||| DROPPING potion of berserk rage.
  5622 | D:8      | Found an opulent altar of Gozag.
  5627 | D:8      | Found a sacrificial altar of Ru.
  5630 | D:8      | Found a radiant altar of Vehumet.
  5630 | D:8      | Found an ancient bone altar of Kikubaaqudgha.
  5640 | D:8      | Found an iron altar of Okawaru.
  5641 | D:8      | 5641 ||| PLANNING OKAWARU WORSHIP
  5645 | D:8      | Became a worshipper of Warmaster Okawaru
  5646 | D:8      | 5646 ||| PLANNING D:1-11
  5802 | D:8      | 5802 ||| RETREEEEATING.
  5840 | D:8      | 5840 ||| Stepping ~*~*~tactically~*~*~ (cloud).
  5844 | D:8      | Reached * piety under Okawaru
  5920 | D:8      | Reached skill level 1 in Invocations
  6050 | D:8      | Reached skill level 16 in Ranged Weapons
  6364 | D:9      | Noticed a troll
  6365 | D:9      | 6365 ||| INVOKING Heroism.
  6369 | D:9      | Killed a troll
  6369 | D:9      | Reached ** piety under Okawaru
  6370 | D:9      | Reached skill level 3 in Invocations
  6372 | D:9      | Noticed a troll
  6380 | D:9      | Killed a troll
  6381 | D:9      | Reached XP level 10. HP: 56/56 MP: 12/14
  6974 | D:9      | Noticed a two-headed ogre
  6975 | D:9      | 6975 ||| INVOKING Heroism.
  6981 | D:9      | Killed a two-headed ogre
  6982 | D:9      | Reached skill level 17 in Ranged Weapons
  7018 | D:9      | Found a staircase to the Orcish Mines.
  7099 | D:9      | 7099 ||| RETREEEEATING.
  7101 | D:9      | 7101 ||| RETREEEEATING.
  7103 | D:9      | Reached *** piety under Okawaru
  7298 | D:9      | 7298 ||| DROPPING ring of flight.
  7299 | D:9      | 7299 ||| READING scroll labelled USANTAOTWY.
  7299 | D:9      | 7299 ||| ENCHANTING +2 longbow of freezing.
  7309 | D:10     | Entered Level 10 of the Dungeon
  7326 | D:10     | Reached skill level 18 in Ranged Weapons
  7660 | D:10     | Paralysed by a hornet for 1 turns
  7715 | D:10     | Reached **** piety under Okawaru
  7826 | D:10     | HP: 13/58 [centaur/arrow (3)]
  7827 | D:10     | 7827 ||| READING 5 scrolls of teleportation.
  7827 | D:10     | Shot with an arrow by a centaur

Levels and vault maps discovered:
D:1:      sevenhm_arrival_forest_fort_small_4, layout_basic, corner_web_ring
D:2:      layout_basic, basic_altar, dilly_ecumenical_altar_fadedgnrine,
          minivault_27, minivault_27, uniq_jessica
D:3:      layout_loops_ring, nicolae_uskayaw_en_pointe,
          nicolae_hepliaklqana_hazy_memory, gup_sewer_entry_bowl, serial_shops,
          shop, nicolae_wormholes, uniq_natasha
D:4:      layout_cave_pods, minmay_temple_entry_wispy, uniq_robin
D:5:      layout_basic, gammafunk_ghost_mausoleum, serial_curves,
          eino_curves_02, eino_curves_02, eino_curves_02, eino_curves_03,
          dreamdust_mushroom_princess, amcnicky_mini_pool_small
D:6:      layout_rooms, chequers_temple_overflow_statue_of_worship, minivault_19
D:7:      corexii_shantytown, layout_rooms, kennysheep_generic_room_11,
          uniq_jeremiah, uniq_prince_ribbit1
D:8:      layout_loops_ring, nicolae_overflow_hallway_of_the_gods
D:9:      cheibrodos_helix_gallery, layout_basic
D:10:     layout_stronghold, centaur_isle
Temple:   nicolae_temple_godzebo

Skill      XL: |  1  2  3  4  5  6  7  8  9 10 |
---------------+-------------------------------+-----
Ranged Weapons | 6 7 8 9 10 12 14 16 18 | 18.0
Dodging        | 3 6 7 |  7.3
Fighting       | 2 3 4 |  4.9
Armour         | 1 2 |  2.0
Invocations    | 3 4 |  4.6
Stealth        | |  1.2

Action                     |  1- 3 |  4- 6 |  7- 9 | 10-12 || total
---------------------------+-------+-------+-------+-------++-------
   Fire: Shortbow          |    93 |   148 |       |       ||   241
         Longbow           |       |    47 |   286 |   134 ||   467
 Invoke: Heroism           |       |       |     1 |     1 ||     2
  Evoke: Wand              |       |       |     4 |       ||     4
    Use: Potion            |     3 |       |     1 |       ||     4
         Scroll            |     2 |    13 |     7 |     2 ||    24
 Armour: Leather armour    |    15 |       |       |       ||    15
         Ring mail         |       |    41 |    65 |    41 ||   147
  Dodge: Dodged            |    18 |    39 |    67 |    65 ||   189

Table legend:
 A = Non-vault XP
 B = Vault XP
 C = Vault XP percentage of total XP
 D = Non-vault monster count
 E = Vault monster count
 F = Vault count percentage of total count
                 A         B        C        D         E       F
            +---------+---------+-------+---------+---------+-------
      Total |    8676 |    1524 |  14.9 |     194 |      55 |  22.1
            +---------+---------+-------+---------+---------+-------
        D:1 |      39 |       0 |   0.0 |      20 |       0 |   0.0
        D:2 |      45 |      37 |  45.1 |      17 |       1 |   5.6
        D:3 |     173 |      56 |  24.5 |      22 |       8 |  26.7
        D:4 |     148 |      40 |  21.3 |      15 |      13 |  46.4
        D:5 |     803 |       0 |   0.0 |      28 |       0 |   0.0
        D:6 |     481 |       0 |   0.0 |      17 |       0 |   0.0
        D:7 |     865 |     947 |  52.3 |      22 |      30 |  57.7
        D:8 |    1426 |       0 |   0.0 |      18 |       0 |   0.0
        D:9 |    2707 |     329 |  10.8 |      17 |       2 |  10.5
       D:10 |    1989 |     115 |   5.5 |      18 |       1 |   5.3
            +---------+---------+-------+---------+---------+-------
